 Dungeon Crawl Stone Soup version 0.19.0-2-gae57169 (webtiles) character file.

964 Alarkh the Grave Robber (level 7, -3/41 HPs)
             Began as a Mummy Necromancer on Nov 6, 2016.
             Was an Initiate of Hepliaklqana.
             Slain by a vampire (8 damage)
             ... created by the anger of Yredelemnul
             ... on level 6 of the Dungeon.
             The game lasted 00:11:19 (6337 turns).

Alarkh the Grave Robber (Mummy Necromancer)         Turns: 6337, Time: 00:11:20

Health: -3/41      AC:  6    Str: 11    XL:     7   Next: 93%
Magic:  16/16      EV: 12    Int: 17    God:    Hepliaklqana [......]
Gold:   371        SH:  0    Dex: 12    Spells: 3 memorised, 10 levels left

rFire  x . .     SeeInvis .     g - +0 mace
rCold  + . .     Gourm    .     m - +2 robe {Archmagi}
rNeg   + + +     Faith    .     (no shield)
rPois  ∞         Spirit   .     q - +1 helmet
rElec  .         Reflect  .     (no cloak)
rCorr  +         Harm     .     (no gloves)
MR     .....                    (no boots)
Stlth  +++.......               (no amulet)
                                o - ring of resist corrosion
                                c - ring of stealth

@: no status effects
A: no food or potions, fire vulnerability, reduced essence, cold resistance 1,
negative energy resistance 3, torment resistance, unbreathing
a: Recall Ancestor, Ancestor Identity, Renounce Religion


You were on level 6 of the Dungeon.
You worshipped Hepliaklqana.
Hepliaklqana was noncommittal.
You were not hungry.

You visited 2 branches of the dungeon, and saw 7 of its levels.

You collected 371 gold pieces.

Inventory:

Hand Weapons
 g - a +0 mace (weapon)
Armour
 a - a +0 robe
 m - a +2 robe of the Archmagi (worn)
 q - a +1 helmet (worn)
 r - a +1 robe of positive energy
Jewellery
 c - a ring of stealth (left hand)
 o - a ring of resist corrosion (right hand)
Wands
 l - a wand of random effects (31/48)
Scrolls
 d - 3 scrolls of remove curse
 e - a scroll of identify
 f - 3 scrolls of amnesia
 h - 2 scrolls of random uselessness
 i - a scroll of teleportation
 j - a scroll of fear {unknown}
 k - a scroll of recharging {unknown}
 n - 2 scrolls of immolation
 p - a scroll of enchant armour {unknown}
 s - a scroll of magic mapping {unknown}
Books
 b - a book of Necromancy

   Spells                             Type                      Level
   a - Pain                           Necromancy                   1
   b - Animate Skeleton               Necromancy                   1
   c - Vampiric Draining              Necromancy                   3
   d - Regeneration                   Charms/Necromancy            3
   e - Animate Dead                   Necromancy                   4
   f - Control Undead                 Necromancy                   4


   Skills:
 - Level 1.5 Dodging
 - Level 1.5 Stealth
 + Level 6.0 Spellcasting
 + Level 7.7 Necromancy


You had 10 spell levels left.
You knew the following spells:

 Your Spells              Type           Power        Failure   Level  Hunger
a - Pain                  Necr           ####         1%          1    N/A
b - Vampiric Draining     Necr           #####.....   1%          3    N/A
c - Control Undead        Necr           #####.....   8%          4    N/A

Dungeon Overview and Level Annotations

Branches:
Dungeon (6/15)             Temple (1/1) D:5

Altars:
Ashenzari
Cheibriados
Dithmenos
Elyvilon
Fedhas
Gozag
Hepliaklqana
Makhleb
Nemelex Xobeh
Okawaru
Qazlal
Sif Muna
Trog
Uskayaw
Vehumet
Xom
Yredelemnul
Zin


Innate Abilities, Weirdness & Mutations

You do not eat or drink.
Your flesh is vulnerable to fire.
You are immune to poison.
Your flesh is cold resistant. (rC+)
You are immune to negative energy. (rN+++)
You are immune to unholy pain and torment.
You can survive without breathing.
Your life essence is reduced. (-10% HP)


Message History

You open the door.
Yredelemnul sends a servant to punish you.
The divine experience confuses you!
You are confused.
Found a ring mail.
A vampire comes into view.
A vampire is nearby!
You're too confused to cast spells.
The vampire hits you! The vampire closely misses you.
Matia misses the vampire.
You miss Matia.
Matia hits the vampire but does no damage.
The vampire hits you. The vampire bites you!
Matia closely misses the vampire.
You bump into the rock wall.
The vampire closely misses you. The vampire bites you!
* * * LOW HITPOINT WARNING * * *
Matia hits the vampire but does no damage.
You hit the vampire but do no damage.
You feel less confused. The vampire closely misses you. The vampire bites you!
You die...

#### ....#########
.............
.............
......>...... ####+###
...###.....##
#....V@##....####'#####
#....R.'[.............#
#......#..............+
#......#..............#
#......##+#####...##.##
#######.....# #...##.##
#.....#..........
#.....#..........
#.....+..........


You could see the friendly Matia the ancestor and a vampire.

Vanquished Creatures
  A flying skull (D:5)
  A sky beast (D:5)
  An ogre (D:4)
  A centaur (D:5)
  2 scorpions (D:4)
  A bullfrog zombie (D:3)
  A hound (D:5)
  Jessica (D:2)
  An orc wizard (D:6)
  3 worker ants
  A hound skeleton (D:4)
  8 adders
  3 gnolls
  A howler monkey skeleton (D:4)
  A shadow imp (D:4)
  2 oozes
  3 worms
  A leopard gecko (D:5)
  7 orcs
  A ball python (D:4)
  5 giant cockroaches
  8 goblins
  6 hobgoblins
  10 jackals
  12 kobolds
  6 quokkas
  10 bats
  4 frilled lizards
  A quokka skeleton (D:5)
  5 rats
  A plant (D:4)
109 creatures vanquished.

Vanquished Creatures (collateral kills)
  An ogre (D:5)
  A bullfrog (D:6)
  A bullfrog zombie (D:5)
  A bullfrog skeleton (D:5)
  An adder zombie (D:5)
5 creatures vanquished.

Vanquished Creatures (others)
  A frilled lizard (D:3)
1 creature vanquished.

Grand Total: 115 creatures vanquished

Notes
Turn   | Place    | Note
-------+----------+-------------------------------------------
     0 | D:1      | Alarkh the Mummy Necromancer began the quest for the Orb.
     0 | D:1      | Reached XP level 1. HP: 13/13 MP: 3/3
   316 | D:1      | Reached XP level 2. HP: 19/19 MP: 1/5
   584 | D:1      | Reached XP level 3. HP: 8/24 MP: 0/7
   589 | D:1      | Learned a level 3 spell: Vampiric Draining
   923 | D:2      | Found a deep blue altar of Sif Muna.
  1172 | D:2      | Reached XP level 4. HP: 25/30 MP: 0/8
  1283 | D:1      | Reached skill level 5 in Necromancy
  1693 | D:3      | Noticed Jessica
  1715 | D:2      | Killed Jessica
  2083 | D:3      | Reached XP level 5. HP: 35/35 MP: 10/10
  2581 | D:3      | Found a sparkling altar of Nemelex Xobeh.
  2656 | D:3      | Found a faded altar of an unknown god.
  2664 | D:3      | Became a worshipper of Yredelemnul the Dark
  2664 | D:3      | Reached * piety under Yredelemnul
  2664 | D:3      | Fell from the grace of Yredelemnul
  2843 | D:3      | Found a shattered altar of Ashenzari.
  2915 | D:3      | Found a stormy altar of Qazlal.
  3280 | D:3      | Learned a level 4 spell: Control Undead
  3530 | D:4      | Reached skill level 6 in Necromancy
  3530 | D:4      | Reached XP level 6. HP: 18/41 MP: 4/12
  3721 | D:4      | Found a blossoming altar of Fedhas.
  3722 | D:4      | Found a shadowy altar of Dithmenos.
  3723 | D:4      | Found a snail-covered altar of Cheibriados.
  3882 | D:4      | Found an opulent altar of Gozag.
  4347 | D:4      | Reached skill level 5 in Spellcasting
  4828 | D:5      | Entered Level 5 of the Dungeon
  4834 | D:5      | Reached XP level 7. HP: 46/46 MP: 7/14
  5022 | D:5      | Noticed a wraith
  5159 | D:5      | Reached skill level 7 in Necromancy
  5163 | D:5      | Found a staircase to the Ecumenical Temple.
  5173 | Temple   | Entered the Ecumenical Temple
  5291 | Temple   | Became a worshipper of Hepliaklqana the Forgotten
  5756 | D:5      | Noticed a flying skull
  5756 | D:5      | Noticed a flying skull
  5756 | D:5      | Noticed a flying skull
  5756 | D:5      | Noticed a flying skull
  6332 | D:6      | Noticed a vampire
  6337 | D:6      | Slain by a vampire

Skill      XL: |  1  2  3  4  5  6  7 |
---------------+----------------------+-----
Spellcasting   | 3 4 5 6 |  6.0
Necromancy     | 5 6 7 |  7.7
Dodging        | |  1.5
Stealth        | |  1.5

Action                   |  1- 3 |  4- 6 |  7- 9 || total
-------------------------+-------+-------+-------++-------
Melee: Mace              |    38 |   123 |    25 ||   186
       Unarmed           |     1 |       |       ||     1
 Cast: Pain              |    43 |   111 |    36 ||   190
       Control Undead    |       |     2 |     9 ||    11
       Vampiric Draining |       |     2 |     6 ||     8
Invok: Renounce Religion |       |     1 |       ||     1
       Recall Ancestor   |       |       |     3 ||     3
       Ancestor Identity |       |       |     1 ||     1
Evoke: Wand              |       |     1 |     5 ||     6
  Use: Scroll            |     2 |     4 |     1 ||     7
 Stab: Sleeping          |     3 |     3 |       ||     6
Armor: Robe              |     7 |    17 |    14 ||    38
Dodge: Dodged            |    47 |    75 |    22 ||   144
